 Dungeon Crawl Stone Soup version 0.17-a0-1685-g57e755e (webtiles) character file.

23 Oca the Skirmisher (level 3, -1/40 HPs)
             Began as an Ogre Fighter on Aug 19, 2015.
             Was an Initiate of Ru.
             Slain by an ice beast (6 damage)
             ... on level 3 of the Dungeon.
             The game lasted 00:17:42 (983 turns).

Oca the Skirmisher (Ogre Fighter)                    Turns: 983, Time: 00:17:42

Health: -1/40      AC:  3    Str: 22    XL:     3   Next: 0%
Magic:  3/3        EV:  8    Int:  7    God:    Ru [......]
Gold:   31         SH:  8    Dex:  9    Spells: 0 memorised, 2 levels left

rFire  . . .     SeeInvis .     a - +0 flail
rCold  . . .     Clarity  .     b - +0 robe
rNeg   . . .     SustAt   .     c - +0 shield
rPois  .         Gourm    .     (helmet restricted)
rElec  .         Spirit   .     (no cloak)
rCorr  .         Warding  .     (gloves unavailable)
rMut   .         Stasis   .     (boots unavailable)
MR     .....                    (no amulet)
Stlth  +.........               (no ring)
                                (no ring)

@: not resistant to hostile enchantments, very unstealthy
A: unfitting armour, tough skin 1
a: Renounce Religion


You were on level 3 of the Dungeon.
You worshipped Ru.
Ru was noncommittal.
You were not hungry.

You visited 1 branch of the dungeon, and saw 3 of its levels.

You collected 31 gold pieces.

Inventory:

Hand weapons
 a - a +0 flail (weapon)
 o - a +0 whip
 v - a +0 falchion
 w - a cursed -2 hand axe
Armour
 b - a +0 robe (worn)
 c - a +0 shield (worn)
 j - a +0 leather armour
 n - a +0 leather armour
 r - a +0 leather armour
 s - a +0 chain mail
 t - a +0 ring mail
Scrolls
 g - 2 scrolls of remove curse {unknown}
 i - a scroll of fear {unknown}
 k - a scroll of teleportation {unknown}
 l - 2 scrolls of identify {unknown}
 q - a scroll of immolation {unknown}
Potions
 d - a potion of might
 f - 2 potions of curing {²²}
 p - a potion of brilliance {unknown}
Comestibles
 e - 2 bread rations
 h - a meat ration
 m - a beef jerky
 u - 4 fruits


   Skills:
 + Level 4.5 Fighting
 + Level 2.8 Maces & Flails
 + Level 3.2 Dodging
 + Level 2.8 Shields


You had 2 spell levels left.
You didn't know any spells.

Dungeon Overview and Level Annotations

Branches:
Dungeon (3/15)

Altars:
Ashenzari
Ru
Sif Muna
Yredelemnul


Innate Abilities, Weirdness & Mutations

You are too large for most types of armour.
You have tough skin (AC +1).


Message History

You closely miss the ice beast.
The ice beast is heavily wounded.
The ice beast hits you. The ice beast freezes you!
You sock the ice beast!
The ice beast is almost dead.
The ice beast hits you but does no damage.
You completely miss the ice beast.
The ice beast is almost dead.
The ice beast hits you. The ice beast freezes you. The ice beast hits you.
The ice beast freezes you.
* * * LOW HITPOINT WARNING * * *
You closely miss the ice beast.
The ice beast is almost dead.
You block the ice beast's attack.
You hit the ice beast but do no damage.
The ice beast is almost dead.
The ice beast hits you.
* * * LOW HITPOINT WARNING * * *
The ice beast freezes you.
You die...

.####.# #.# #.#.......#
.####.#####(###....._...#
.##.............#.......#
....#######.###.##.....##
..### #.# #..##...## ..#
#.# #..###### ..# #.#
#..# ..# #.###..###.#
######### #.....@Y...#
........# #####..#####
#######.# !...# ###.##
#.# ..# ..# ##..


You could see an ice beast.

Vanquished Creatures
  An adder (D:2)
  An orc (D:3)
  A bat (D:2)
  2 giant cockroaches (D:1)
  3 hobgoblins
  A ball python (D:1)
  2 kobolds
  3 rats
14 creatures vanquished.

Notes
Turn   | Place    | Note
--------------------------------------------------------------
     0 | D:1      | Oca the Ogre Fighter began the quest for the Orb.
     0 | D:1      | Reached XP level 1. HP: 24/24 MP: 1/1
   340 | D:1      | Reached XP level 2. HP: 32/32 MP: 2/2
   773 | D:2      | Found a sacrificial altar of Ru.
   773 | D:2      | Found a basalt altar of Yredelemnul.
   797 | D:2      | Became a worshipper of Ru the Awakened
   902 | D:3      | Found a shattered altar of Ashenzari.
   942 | D:3      | Found a deep blue altar of Sif Muna.
   952 | D:3      | Reached XP level 3. HP: 35/40 MP: 3/3
   974 | D:3      | Noticed an ice beast
   983 | D:3      | Slain by an ice beast

Vault maps used:
D:1:      eino_arrival_cavern_a
D:2:      gammafunk_temple_overflow_elements, first_bread
D:3:      nicolae_overflow_crystal_walls, lemuel_round_altar,
          lemuel_round_altar, cheibriados_altar_1, minmay_bad_closet

Action                   || total
-------------------------++-------
Melee: Flail             ||    43
       Whip              ||    13
  Use: Potion            ||     1
